AoeStats
← KaporalToinou

Enclosed

504284388Analyzed
1v1 RM · 29d ago on Sep 4, 2026· 47m 7s· 2 players
Game mode
Random Map
Map size
Tiny (2 player)
Population
200
Speed
Normal
Resources
Standard
Victory
Conquest
Starting age
Dark Age
Ending age
Imperial Age
RankedLock teamsTeams togetherTeam positionsShared explorationLock speedFull tech treeHidden civsTurbo modeCheats
Victory
Defeat
🇺🇸 Spanish · United States
894
+15
🇫🇷 Spanish · France
882
-15
KaporalToinou
1:15 Loom
13:12 Feudal Age
13:44 Horse Collar
13:56 Gold Mining
13:59 Double-Bit Axe
15:29 Padded Archer Armor
15:20 Fletching
16:43 Wheelbarrow
19:46 Stone Mining
22:44 Castle Age
22:53 Pikeman
23:35 Scale Mail Armor
24:09 Squires
23:46 Elite Skirmisher
25:25 Heavy Plow
25:53 Chain Mail Armor
28:26 Scale Barding Armor
31:18 Ballistics
34:21 Bow Saw
36:05 Bloodlines
36:39 Forging
38:29 Husbandry
38:55 Chain Barding Armor
42:47 Imperial Age
41:24 Leather Archer Armor
41:40 Bodkin Arrow
44:41 Chain Barding Armor
fungiordie
4:45 Loom
9:50 Loom
12:50 Feudal Age
16:54 Castle Age
16:47 Bloodlines
17:24 Scale Barding Armor
20:37 Forging
20:51 Chain Barding Armor
23:23 Forging
24:40 Horse Collar
24:48 Double-Bit Axe
26:23 Iron Casting
33:16 Imperial Age
31:30 Husbandry
31:35 Padded Archer Armor
32:01 Elite Skirmisher
33:17 Bow Saw
34:35 Wheelbarrow
34:40 Fletching
35:28 Plate Barding Armor
36:38 Bodkin Arrow
37:04 Leather Archer Armor
40:11 Bracer
42:43 Blast Furnace
42:45 Cavalier
43:58 Gold Mining
45:25 Thumb Ring
Connection lost

Rejoining the realm…

Still unreachable

The connection could not be restored.

Session expired

The server has moved on; the page needs a fresh start.